 Dungeon Crawl Stone Soup version 0.29.0-4-gdea44cf6ec (webtiles) character file.

Game seed: 13244534052241546700

80 qw the Chopper (level 4, 0/26 HPs)
             Began as a Tengu Warper on Aug 28, 2022.
             Slain by a gnoll
             ... wielding a +0 whip
              (2 damage)
             ... on level 3 of the Dungeon.
             The game lasted 00:00:12 (2843 turns).

qw the Chopper (Tengu Warper)                       Turns: 2843, Time: 00:00:13

Health: 0/26       AC: 11    Str: 14    XL:     4   Next: 39%
Magic:  8/8        EV:  4    Int: 13    God:
Gold:   779        SH:  0    Dex: 13    Spells: 7/7 levels left

rFire   . . .      SeeInvis .   Y - +0 hand axe
rCold   + . .      Faith    .   (no shield)
rNeg    . . .      Spirit   .   l - +0 plate armour
rPois   .          Reflect  .   (helmet restricted)
rElec   .          Harm     .   e - +0 cloak
rCorr   .          Rampage  .   (no gloves)
Will    .....                   (boots unavailable)
Stlth   ..........              (no amulet)
HPRegen 0.08/turn               j - ring of protection from cold
MPRegen 0.11/turn               (no ring)

@: no status effects
A: beak, talons 3
a: no special abilities


You were on level 3 of the Dungeon.
You visited 1 branch of the dungeon, and saw 3 of its levels.

You collected 779 gold pieces.


Innate Abilities, Weirdness & Mutations

You have a beak for a mouth.
You have claws for feet.


   Skills:
 - Level 2.0 Fighting
 + Level 4.6 Axes
 - Level 1.0 Throwing
 - Level 2.0 Armour
 - Level 2.1 Dodging
 - Level 2.0 Spellcasting
 - Level 2.4 Translocations


You had 7 spell levels left.
You didn't know any spells.
Your spell library contained the following spells:

 Spells                   Type           Power      Damage    Failure   Level
 Blink                    Tloc           14%        N/A       100%        2
 Gell's Gravitas          Tloc           7%         N/A       100%        3
 Lesser Beckoning         Tloc           7%         N/A       100%        3
 Teleport Other           Tloc           7%         N/A       100%        3
 Manifold Assault         Tloc           7%         N/A       100%        5

Inventory:

Hand Weapons
 d - a +0 club
 Y - a +0 hand axe (weapon)
Armour
 e - a +0 cloak (worn)
 l - a +0 plate armour (worn)
 m - a +0 chain mail of fire resistance
Jewellery
 a - a ring of positive energy
 j - a ring of protection from cold (left hand)
Scrolls
 b - a scroll of identify
Potions
 f - a potion of lignification {unknown}
 h - 3 potions of curing
 k - a potion of might {unknown}

Dungeon Overview and Level Annotations

Branches:
Dungeon (3/15)

Altars:


Message History

The gnoll hits you with a +0 spear.
You hit the gnoll but do no damage. You claw the gnoll, but do no damage.
Your peck misses the gnoll. The gnoll hits you but does no damage.
You barely miss the gnoll. You claw the gnoll. Your peck misses the gnoll.
The gnoll is lightly wounded.
You hit the gnoll but do no damage. Your kick misses the gnoll.
You peck the gnoll, but do no damage.
The gnoll is lightly wounded.
You hit the gnoll. The gnoll hits you with a +0 spear.
The gnoll hits you but does no damage. x2
The gnoll hits you from afar with a +0 halberd.
The gnoll hits you with a +0 whip. The gnoll hits you but does no damage.
You barely miss the gnoll. Your kick misses the gnoll.
The gnoll is moderately wounded.
You hit the gnoll but do no damage.
The gnoll hits you but does no damage. x2
The gnoll hits you from afar with a +0 halberd.
You hit the gnoll but do no damage.
The gnoll is moderately wounded.
You hit the gnoll. The gnoll hits you with a +0 spear.
The gnoll hits you with a +0 whip. The gnoll barely misses you.
You hit the gnoll but do no damage. You claw the gnoll, but do no damage.
The gnoll is moderately wounded.
You hit the gnoll but do no damage. The gnoll completely misses you.
The gnoll hits you but does no damage.
The gnoll hits you from afar with a +0 halberd.
You hit the gnoll but do no damage. You claw the gnoll, but do no damage.
You peck the gnoll.
The gnoll is heavily wounded.
You hit the gnoll. The gnoll hits you with a +0 spear.
The gnoll hits you but does no damage. The gnoll barely misses you.
You hit the gnoll but do no damage. Your kick misses the gnoll.
Your peck misses the gnoll.
The gnoll is severely wounded.
You hit the gnoll. The gnoll hits you but does no damage.
The gnoll hits you with a +0 whip.
You die...

#. ## #. #. #.
#########. #.
#....>..#. #.
#.#####.#. #g
#####.#####.#.
#g####.%...........
#g@....###.#####.##
######## #.#####.#
#.......# #########
## #. #. #. ##


You could see 3 gnolls.

Vanquished Creatures
  3 adders
  A worm (D:1)
  A dart slug (D:2)
  4 endoplasms (D:1)
  4 giant cockroaches
  5 goblins
  9 hobgoblins
  3 kobolds (D:2)
  4 ball pythons
  3 bats
  6 frilled lizards
  2 rats
45 creatures vanquished.

Notes
Turn   | Place    | Note
-------+----------+-------------------------------------------
     0 | D:1      | qw the Tengu Warper began the quest for the Orb.
     0 | D:1      | Reached XP level 1. HP: 12/12 MP: 4/4
     0 | D:1      | 0 ||| qw: Version: 0.1-a-89-g26bdef1
     0 | D:1      | 0 ||| qw: Game counter: 3370
     0 | D:1      | 0 ||| qw: Always use a shield: true
     0 | D:1      | 0 ||| qw: God list: Okawaru
     0 | D:1      | 0 ||| qw: Allow faded altars: false
     0 | D:1      | 0 ||| qw: Do Orc after D:15 true
     0 | D:1      | 0 ||| qw: Do second Lair branch before Depths: true
     0 | D:1      | 0 ||| qw: Lair rune preference: random
     0 | D:1      | 0 ||| qw: Plans: Normal
     0 | D:1      | 0 ||| PLANNING D:1-11
   210 | D:1      | 210 ||| Stepping ~*~*~tactically~*~*~ (stealth).
   304 | D:1      | Reached skill level 3 in Axes
   304 | D:1      | Reached XP level 2. HP: 16/17 MP: 6/6
   878 | D:1      | Found a faded altar of an unknown god.
  1089 | D:1      | 1089 ||| UPGRADING to +0 cloak.
  1094 | D:1      | 1094 ||| UPGRADING to +0 plate armour.
  1104 | D:1      | 1104 ||| DROPPING +0 leather armour.
  1105 | D:1      | 1105 ||| UPGRADING to ring of protection from cold.
  1106 | D:1      | 1106 ||| READING scroll labelled FAPLUSH QACUSU.
  1107 | D:1      | 1107 ||| READING scroll labelled FUOTIY BEAVO.
  1108 | D:1      | 1108 ||| DRINKING 3 ruby potions.
  1109 | D:1      | 1109 ||| DRINKING 2 red potions.
  1110 | D:1      | 1110 ||| DROPPING scroll of blinking.
  1111 | D:1      | 1111 ||| DROPPING potion of attraction.
  1187 | D:2      | 1187 ||| STAIRDANCE
  1291 | D:2      | 1291 ||| STAIRDANCE
  1299 | D:1      | Reached XP level 3. HP: 9/21 MP: 7/7
  1471 | D:2      | 1471 ||| STAIRDANCE
  1539 | D:2      | 1539 ||| Stepping ~*~*~tactically~*~*~ (hiding).
  1548 | D:2      | 1548 ||| Stepping ~*~*~tactically~*~*~ (hiding).
  1558 | D:2      | Reached skill level 4 in Axes
  1666 | D:2      | 1666 ||| Stepping ~*~*~tactically~*~*~ (stealth).
  1680 | D:2      | HP: 5/21 [poisoned by an adder]
  1920 | D:2      | Identified the +6 dagger of Ahobo {venom, rC+}
  2132 | D:2      | 2132 ||| Stepping ~*~*~tactically~*~*~ (stealth).
  2138 | D:2      | Reached XP level 4. HP: 24/26 MP: 8/8
  2391 | D:2      | 2391 ||| READING scroll labelled BEKKYI CYETZAQ.
  2391 | D:2      | Identified a scroll of acquirement
  2391 | D:2      | 2391 ||| ACQUIRING 610 gold pieces
  2391 | D:2      | Acquired 610 gold pieces
  2415 | D:1      | 2415 ||| Stepping randomly (stuck).
  2831 | D:3      | 2831 ||| Stepping ~*~*~tactically~*~*~ (hiding).
  2840 | D:3      | HP: 5/26 [gnoll/+0 spear (5)]
  2842 | D:3      | HP: 2/26 [gnoll/+0 spear (1)]
  2843 | D:3      | Slain by a gnoll

Levels and vault maps discovered:
D:1:      elethiomel_arrival_shortcut, layout_basic, serial_rivers,
          chequers_serial_rivers_small_a, chequers_serial_rivers_large_a,
          chequers_serial_rivers_marsh, chequers_serial_rivers_large_b,
          shapermc_ecumenical_altar_hornbeckon
D:2:      layout_rooms
D:3:      layout_loops_cross

Skill      XL: |  1  2  3 |
---------------+----------+-----
Axes           | 3 4 |  4.6
Armour         | 2 |  2.0
Fighting       | |  2.0
Throwing       | |  1.0
Dodging        | |  2.1
Spellcasting   | |  2.0
Translocations | |  2.4

Action                   |  1- 3 |  4- 6 || total
-------------------------+-------+-------++-------
Melee: Hand axe          |    86 |    36 ||   122
       Kick              |    22 |    15 ||    37
       Peck              |     8 |     3 ||    11
       Punch             |     2 |       ||     2
Throw: Boomerang         |     7 |       ||     7
  Use: Scroll            |     2 |     1 ||     3
       Potion            |     2 |       ||     2
Armor: Leather armour    |    13 |       ||    13
       Plate armour      |    47 |    26 ||    73
Dodge: Dodged            |    28 |     6 ||    34

Table legend:
 A = Non-vault XP
 B = Vault XP
 C = Vault XP percentage of total XP
 D = Non-vault monster count
 E = Vault monster count
 F = Vault count percentage of total count
                 A         B        C        D         E       F
            +---------+---------+-------+---------+---------+-------
      Total |     115 |       0 |   0.0 |      45 |       0 |   0.0
            +---------+---------+-------+---------+---------+-------
        D:1 |      39 |       0 |   0.0 |      21 |       0 |   0.0
        D:2 |      52 |       0 |   0.0 |      16 |       0 |   0.0
        D:3 |      24 |       0 |   0.0 |       8 |       0 |   0.0
            +---------+---------+-------+---------+---------+-------
